 Dungeon Crawl Stone Soup version 0.23.2 (webtiles) character file.

Game seed: 17768203842498020829

11 Chiseanne the Stinger (level 2, 0/21 HPs)
             Began as a Demonspawn Wanderer on Apr 7, 2019.
             Slain by a jackal (2 damage)
             ... on level 1 of the Dungeon.
             The game lasted 00:01:04 (139 turns).

Chiseanne the Stinger (Demonspawn Wanderer)          Turns: 139, Time: 00:01:04

Health: 0/21       AC:  2    Str: 10    XL:     2   Next: 13%
Magic:  0/3        EV: 11    Int: 16    God:
Gold:   0          SH:  0    Dex: 11    Spells: 1/2 levels left

rFire    . . .     SeeInvis .   a - +0 spear
rCold    . . .     Gourm    .   (no shield)
rNeg     . . .     Faith    .   d - +0 robe
rPois    .         Spirit   .   (no helmet)
rElec    .         Reflect  .   (no cloak)
rCorr    .         Harm     .   (no gloves)
MR       .....                  (no boots)
Stlth    +.........             (no amulet)
HPRegen  0.07/turn              (no ring)
MPRegen  0.08/turn              (no ring)

@: very slightly contaminated
A: claws 1
a: no special abilities


You were on level 1 of the Dungeon.
You were not hungry.

You visited 1 branch of the dungeon, and saw 1 of its levels.

Inventory:

Hand Weapons
 a - a +0 spear (weapon)
Armour
 d - a +0 robe (worn)
Comestibles
 b - 2 chunks of flesh
 f - a ration


   Skills:
 - Level 1.0 Fighting
 - Level 1.7 Polearms
 + Level 0.4 Dodging
 - Level 1.0 Stealth
   Level 1.0 Shields
 * Level 0.9 Spellcasting
 * Level 1.0 Conjurations
   Level 2.1 Necromancy
 - Level 3.0 Poison Magic


You had one spell level left.
You knew the following spells:

 Your Spells              Type           Power        Failure   Level  Hunger
a - Sting                 Conj/Pois      #...         10%         1    ##.....

Your spell library contained the following spells:

 Spells                   Type           Power        Failure   Level  Hunger
 Poisonous Vapours        Pois/Air       #.....       19%         2    ###....
 Mephitic Cloud           Conj/Pois/Air  #.......     36%         3    ####...
 Stone Arrow              Conj/Erth      #.....       50%         3    ####...
 Olgreb's Toxic Radiance  Pois           ##......     56%         4    #####..
 Venom Bolt               Conj/Pois      #.........   95%         5    ######.


Dungeon Overview and Level Annotations

Branches:
Dungeon (1/15)

Altars:


Innate Abilities, Weirdness & Mutations

You have sharp fingernails.


Message History

The jackal bites you.
* * * LOW HITPOINT WARNING * * *
You see here a +0 club.
The frilled lizard hisses angrily.
The kobold shouts!
The kobold throws a stone.
The stone closely misses you.
You see here a stone.
The jackal bites you but does no damage.
The jackal closely misses you.
Casting: Sting (safe; 10% risk of failure)
Confirm with . or Enter, or press ? or * to list all spells.
Aiming: Sting (safe; 10% risk of failure)
Press: ? - help, Shift-Dir - straight line, f - jackal
Aim: a jackal You miscast Sting.
You are very lightly contaminated with residual magic.
Your skin tingles.
The jackal closely misses you. The jackal bites you.
You die...

..†.###.# #.....#.# .#
........# #.....#.# ..#
........# #)....#.#...##
##########.#####.....#.#...>.
#........#....##.............
#.....##.#.##..#.............
#.....#.>#..#..#...........?.
#..##.#.##..#.........J......
#..#<.#.....#@.####.#........
##.#.##.....#hh# #.#........
..#........#..# #.#.......s
..##########l## #.#........
#.. ...K..K.## #.#........
... ........(# #.#........
........### #.#w......
........).# #.# ........#h#
#J#


You could see 2 jackals, a kobold and a frilled lizard.

Vanquished Creatures
  A dart slug (D:1)
  A leopard gecko (D:1)
  A goblin (D:1)
  A hobgoblin (D:1)
  2 jackals (D:1)
  A rat (D:1)
7 creatures vanquished.

Notes
Turn   | Place    | Note
-------+----------+-------------------------------------------
     0 | D:1      | Chiseanne the Demonspawn Wanderer began the quest for the
                  | Orb.
     0 | D:1      | Chiseanne set off with the following items: a +0 spear, a
                  | +0 robe, a ration; and the following spell memorised:
                  | Sting; and the following spells available to memorise:
                  | Poisonous Vapours, Mephitic Cloud, Stone Arrow, Olgreb's
                  | Toxic Radiance, Venom Bolt
     0 | D:1      | Reached XP level 1. HP: 15/15 MP: 1/1
   123 | D:1      | Gained mutation: You have sharp fingernails. [demonic
                  | ancestry]
   123 | D:1      | Reached XP level 2. HP: 15/21 MP: 1/3
   129 | D:1      | Reached skill level 1 in Conjurations
   139 | D:1      | Slain by a jackal

Skill      XL: |  1  2 |
---------------+-------+-----
Conjurations   | 1 |  1.0
Fighting       | |  1.0
Polearms       | |  1.7
Dodging        | |  0.4
Stealth        | |  1.0
Shields        | |  1.0
Spellcasting   | |  0.9
Necromancy     | |  2.1
Poison Magic   | |  3.0

Action                   || total
-------------------------++-------
Melee: Spear             ||    11
 Cast: Sting             ||     6
Armor: Robe              ||     3
Dodge: Dodged            ||    14
